Flyers vs Penguins

Created - February 27 2008 at 18:26

Goals
1 2 3 T
Flyers 1 0 2 3
Penguins 1 0 0 1
Shots
1 2 3 T
Flyers 10 13 7 30
Penguins 10 4 18 32

Period #1

1. Penguins , Sidney Crosby 35 (Bryan Mccabe, Marian Hossa) at 0:23
2. Flyers , Mike Van Ryn 6 (Jiri Hudler, Brad Richards) at 19:38 (PP)

Penalties :
Geoff Sanderson (PHI) for High sticking (Minor) at 4:27, Brooks Orpik (PIT) for Fighting (Major) at 17:29, Brent Seabrook (PHI) for Fighting (Major) at 17:29, Kris Draper (PIT) for Hooking (Minor) at 19:32

Period #2

No Goal

Penalties :
Brent Seabrook (PHI) for Hooking (Minor) at 3:55, Josef Melichar (PIT) for Hooking (Minor) at 4:39, Brooks Orpik (PIT) for Cross-checking (Minor) at 7:43, Mark Bell (PIT) for High sticking (Minor) at 17:02, Dominic Moore (PIT) for Tripping (Minor) at 19:06

Period #3

3. Flyers , Tomas Holmstrom 23 (Dustin Penner, Brad Richards) at 1:36
4. Flyers , Owen Nolan 9 (Samuel Pahlsson) at 10:29

Penalties :
Denis Gauthier (PHI) for Interference (Minor) at 4:20, Brad Richards (PHI) for Cross-checking (Minor) at 11:28, Tomas Holmstrom (PHI) for Hooking (Minor) at 14:28, Mike Rathje (PHI) for Roughing (Minor) at 15:32, Mark Bell (PIT) for Cross-checking (Minor) at 15:45, Marian Hossa (PIT) for Hooking (Minor) at 16:31, Mike Van Ryn (PHI) for Roughing (Minor) at 19:59

Goalie Stats

Chris Osgood (PHI), 31 saves from 32 shots - (0.969), W, 35-23-5, 60:00 minutes
Marc-Andre Fleury (PIT), 27 saves from 30 shots - (0.900), L, 23-26-5, 60:00 minutes

Players Stats

Flyers
Player Name              G  A  P  +/- PIM S  H  SB FO MP 
-----------------------------------------------------------
Brad Richards            0  2  2   0  2   4  2  0  18 16 
Brent Seabrook           0  0  0   1  7   1  2  5  0  22 
Darryl Sydor             0  0  0   0  0   0  2  1  0  19 
Denis Gauthier           0  0  0   0  2   1  2  0  0  20 
Dustin Penner            0  1  1   0  0   1  1  0  1  15 
Geoff Sanderson          0  0  0   0  2   3  1  0  0  17 
Jeff Friesen             0  0  0   1  0   0  0  0  1  15 
Jiri Hudler              0  1  1   0  0   0  0  0  1  12 
Lee Stempniak            0  0  0   0  0   1  2  0  1  18 
Michal Handzus           0  0  0   0  0   0  0  0  24 17 
Mike Rathje              0  0  0   0  2   0  0  0  0  15 
Mike Van Ryn             1  0  1   0  2   1  3  1  0  22 
Owen Nolan               1  0  1   1  0   1  1  0  1  10 
Pavel Kubina             0  0  0   1  0   3  0  1  0  24 
Sami Kapanen             0  0  0   0  0   1  1  0  1  16 
Samuel Pahlsson          0  1  1   1  0   0  2  0  18 15 
Todd White               0  0  0   0  0   7  2  0  21 19 
Tomas Holmstrom          1  0  1   0  2   6  0  0  2  14 
Penguins
Player Name              G  A  P  +/- PIM S  H  SB FO MP 
-----------------------------------------------------------
Brooks Orpik             0  0  0  -1  7   1  0  0  0  14 
Bryan Mccabe             0  1  1   1  0   5  2  3  0  25 
Christian Backman        0  0  0  -1  0   1  0  0  0  17 
Dallas Drake             0  0  0   0  0   0  0  0  1  6  
Dominic Moore            0  0  0  -1  2   0  0  0  1  16 
Evgeni Malkin            0  0  0  -1  0   1  1  0  28 22 
Glen Wesley              0  0  0  -1  0   0  0  2  0  24 
Jarkko Ruutu             0  0  0   0  0   1  0  0  5  6  
Jere Lehtinen            0  0  0  -1  0   1  0  0  0  22 
Josef Melichar           0  0  0  -1  2   1  0  2  0  22 
Kris Draper              0  0  0  -1  2   1  1  0  17 16 
Marian Hossa             0  1  1   1  2   5  2  1  16 19 
Mark Bell                0  0  0  -1  4   1  1  0  2  16 
Mark Parrish             0  0  0  -1  0   3  2  0  0  16 
Martin Lapointe          0  0  0   0  0   1  0  0  0  6  
Scott Hannan             0  0  0   1  0   2  0  1  0  25 
Sidney Crosby            1  0  1   1  0   7  0  1  18 20 
Taylor Pyatt             0  0  0   1  0   1  1  0  1  14 

3 Stars

1 - Chris Osgood (PHI)
2 - Mike Van Ryn (PHI)
3 - Owen Nolan (PHI)

Power Play

Flyers - 1 on 7 Attempt(s) - 14.29%
Penguins - 0 on 7 Attempt(s) - 0.00%

Penalty Kill

Flyers - 7 on 7 Attempt(s) - 100.00% - Score 0 goal in Penalty Kill
Penguins - 6 on 7 Attempt(s) - 85.71% - Score 0 goal in Penalty Kill

Game Notes

Brooks Orpik beats up Brent Seabrook at 17:29 of 1st period

Finance

Level 1 -- Attendance: 5197 (98.06%) -- Ticket Income $483,321.00
Level 2 -- Attendance: 4612 (91.82%) -- Ticket Income $253,660.00
Level 3 -- Attendance: 1906 (95.30%) -- Ticket Income $62,898.00
Level 4 -- Attendance: 3494 (87.35%) -- Ticket Income $59,398.00
Luxury Box -- Attendance: 953 (95.30%) -- Ticket Income $176,305.00
Game was played at the Mellon Arena
Total Attendance: 16162 (93.30%)
Total Ticket Income: $1,058,845.00
Other Income: $156,414.30
Total Income: $1,215,259.00


Play by Play

Period #1

0:01 of 1st period - Tomas Holmstrom wins face-off versus Sidney Crosby in neutral zone.
0:19 of 1st period - Shot by Sidney Crosby.
0:19 of 1st period - Stopped by Chris Osgood with a rebound.
0:23 of 1st period - Shot by Sidney Crosby.
0:23 of 1st period - Goal by Sidney Crosby - Flyers : 0 - Penguins : 1.
0:24 of 1st period - Evgeni Malkin wins face-off versus Todd White in neutral zone.
0:51 of 1st period - Shot by Lee Stempniak.
0:51 of 1st period - Shot Misses the Net.
0:53 of 1st period - Shot by Todd White.
0:53 of 1st period - Stopped by Marc-Andre Fleury with a rebound.
0:55 of 1st period - Shot by Denis Gauthier.
0:55 of 1st period - Shot Blocked by Josef Melichar.
1:45 of 1st period - Shot by Marian Hossa.
1:45 of 1st period - Stopped by Chris Osgood with a rebound.
1:49 of 1st period - Shot by Sidney Crosby.
1:49 of 1st period - Shot Misses the Net.
1:51 of 1st period - Shot by Sidney Crosby.
1:51 of 1st period - Deflect By Marian Hossa.
1:51 of 1st period - Shot Misses the Net.
1:53 of 1st period - Shot by Marian Hossa.
1:53 of 1st period - Shot Misses the Net.
1:57 of 1st period - Shot by Sidney Crosby.
1:57 of 1st period - Stopped by Chris Osgood without a rebound.
1:58 of 1st period - Kris Draper wins face-off versus Michal Handzus in Flyers zone.
1:59 of 1st period - Shot by Christian Backman.
1:59 of 1st period - Stopped by Chris Osgood without a rebound.
2:00 of 1st period - Kris Draper wins face-off versus Jiri Hudler in Flyers zone.
2:06 of 1st period - Icing by Darryl Sydor.
2:07 of 1st period - Kris Draper wins face-off versus Michal Handzus in Flyers zone.
3:21 of 1st period - Shot by Todd White.
3:21 of 1st period - Stopped by Marc-Andre Fleury without a rebound.
3:22 of 1st period - Evgeni Malkin wins face-off versus Brad Richards in Penguins zone.
3:40 of 1st period - Icing by Glen Wesley.
3:41 of 1st period - Samuel Pahlsson wins face-off versus Evgeni Malkin in Penguins zone.
4:08 of 1st period - Shot by Mark Bell.
4:08 of 1st period - Shot Misses the Net.
4:18 of 1st period - Shot by Samuel Pahlsson.
4:18 of 1st period - Shot Misses the Net.
4:20 of 1st period - Shot by Owen Nolan.
4:20 of 1st period - Shot Misses the Net.
4:27 of 1st period - Minor Penalty to Geoff Sanderson for High sticking.
4:28 of 1st period - Sidney Crosby wins face-off versus Michal Handzus in Penguins zone.
4:53 of 1st period - Shot by Bryan Mccabe.
4:53 of 1st period - Stopped by Chris Osgood without a rebound.
4:54 of 1st period - Samuel Pahlsson wins face-off versus Sidney Crosby in Flyers zone.
4:54 of 1st period - Samuel Pahlsson is hit by Taylor Pyatt.
5:12 of 1st period - Shot by Sidney Crosby.
5:12 of 1st period - Stopped by Chris Osgood without a rebound.
5:13 of 1st period - Samuel Pahlsson wins face-off versus Evgeni Malkin in Flyers zone.
5:13 of 1st period - Samuel Pahlsson is hit by Evgeni Malkin.
6:01 of 1st period - Shot by Marian Hossa.
6:01 of 1st period - Stopped by Chris Osgood without a rebound.
6:02 of 1st period - Sidney Crosby wins face-off versus Samuel Pahlsson in Flyers zone.
6:45 of 1st period - Brad Richards is hit by Mark Parrish.
6:46 of 1st period - Icing by Brad Richards.
6:47 of 1st period - Kris Draper wins face-off versus Tomas Holmstrom in Flyers zone.
6:48 of 1st period - Shot by Mark Parrish.
6:48 of 1st period - Shot Misses the Net.
7:01 of 1st period - Icing by Dominic Moore.
7:02 of 1st period - Sami Kapanen wins face-off versus Kris Draper in Penguins zone.
7:22 of 1st period - Icing by Christian Backman.
7:23 of 1st period - Kris Draper wins face-off versus Todd White in Penguins zone.
7:23 of 1st period - Kris Draper is hit by Lee Stempniak.
7:36 of 1st period - Christian Backman is hit by Mike Van Ryn and loses puck.
7:58 of 1st period - Jere Lehtinen is hit by Mike Van Ryn.
8:05 of 1st period - Off-side.
8:06 of 1st period - Sidney Crosby wins face-off versus Michal Handzus in neutral zone.
10:02 of 1st period - Shot by Geoff Sanderson.
10:02 of 1st period - Stopped by Marc-Andre Fleury without a rebound.
10:03 of 1st period - Kris Draper wins face-off versus Todd White in Penguins zone.
10:33 of 1st period - Kris Draper is hit by Todd White and loses puck.
10:56 of 1st period - Mike Rathje is hit by Kris Draper and loses puck.
11:04 of 1st period - Icing by Sami Kapanen.
11:05 of 1st period - Michal Handzus wins face-off versus Marian Hossa in Flyers zone.
11:05 of 1st period - Jiri Hudler is hit by Marian Hossa and loses puck.
11:33 of 1st period - Shot by Sidney Crosby.
11:33 of 1st period - Stopped by Chris Osgood without a rebound.
11:34 of 1st period - Samuel Pahlsson wins face-off versus Evgeni Malkin in Flyers zone.
11:59 of 1st period - Shot by Jere Lehtinen.
11:59 of 1st period - Shot Misses the Net.
12:01 of 1st period - Shot by Josef Melichar.
12:01 of 1st period - Shot Misses the Net.
12:03 of 1st period - Shot by Josef Melichar.
12:03 of 1st period - Shot Misses the Net.
12:11 of 1st period - Shot by Jeff Friesen.
12:11 of 1st period - Shot Misses the Net.
12:41 of 1st period - Shot by Marian Hossa.
12:41 of 1st period - Shot Misses the Net.
12:43 of 1st period - Shot by Marian Hossa.
12:43 of 1st period - Shot Misses the Net.
12:45 of 1st period - Shot by Scott Hannan.
12:45 of 1st period - Stopped by Chris Osgood without a rebound.
12:46 of 1st period - Kris Draper wins face-off versus Todd White in Flyers zone.
13:09 of 1st period - Icing by Denis Gauthier.
13:10 of 1st period - Taylor Pyatt wins face-off versus Todd White in Flyers zone.
13:21 of 1st period - Shot by Todd White.
13:21 of 1st period - Stopped by Marc-Andre Fleury without a rebound.
13:22 of 1st period - Michal Handzus wins face-off versus Jarkko Ruutu in Penguins zone.
14:09 of 1st period - Icing by Dallas Drake.
14:10 of 1st period - Todd White wins face-off versus Jarkko Ruutu in Penguins zone.
14:11 of 1st period - Shot by Lee Stempniak.
14:11 of 1st period - Shot Misses the Net.
14:15 of 1st period - Shot by Lee Stempniak.
14:15 of 1st period - Shot Blocked by Scott Hannan.
14:17 of 1st period - Shot by Geoff Sanderson.
14:17 of 1st period - Shot Misses the Net.
15:55 of 1st period - Shot by Dustin Penner.
15:55 of 1st period - Stopped by Marc-Andre Fleury without a rebound.
15:56 of 1st period - Sidney Crosby wins face-off versus Michal Handzus in Penguins zone.
15:56 of 1st period - Sidney Crosby is hit by Sami Kapanen.
16:25 of 1st period - Off-side.
16:26 of 1st period - Brad Richards wins face-off versus Kris Draper in neutral zone.
16:43 of 1st period - Off-side.
16:44 of 1st period - Samuel Pahlsson wins face-off versus Evgeni Malkin in neutral zone.
17:13 of 1st period - Jere Lehtinen is hit by Brent Seabrook and loses puck.
17:29 of 1st period - Brooks Orpik beats up Brent Seabrook.
17:29 of 1st period - Penalty to Brooks Orpik for Fighting.
17:29 of 1st period - Penalty to Brent Seabrook for Fighting.
17:30 of 1st period - Michal Handzus wins face-off versus Kris Draper in Penguins zone.
17:37 of 1st period - Shot by Darryl Sydor.
17:37 of 1st period - Shot Blocked by Bryan Mccabe.
17:58 of 1st period - Jiri Hudler is hit by Bryan Mccabe and loses puck.
18:05 of 1st period - Shot by Jiri Hudler.
18:05 of 1st period - Deflect By Sami Kapanen.
18:05 of 1st period - Stopped by Marc-Andre Fleury without a rebound.
18:06 of 1st period - Marian Hossa wins face-off versus Todd White in Penguins zone.
18:13 of 1st period - Shot by Marian Hossa.
18:13 of 1st period - Shot Misses the Net.
18:41 of 1st period - Shot by Lee Stempniak.
18:41 of 1st period - Stopped by Marc-Andre Fleury with a rebound.
18:43 of 1st period - Shot by Mike Van Ryn.
18:43 of 1st period - Shot Blocked by Sidney Crosby.
18:45 of 1st period - Shot by Geoff Sanderson.
18:45 of 1st period - Deflect By Todd White.
18:45 of 1st period - Stopped by Marc-Andre Fleury without a rebound.
18:46 of 1st period - Evgeni Malkin wins face-off versus Brad Richards in Penguins zone.
18:46 of 1st period - Evgeni Malkin is hit by Dustin Penner.
18:58 of 1st period - Shot by Brad Richards.
18:58 of 1st period - Stopped by Marc-Andre Fleury without a rebound.
18:59 of 1st period - Owen Nolan wins face-off versus Kris Draper in Penguins zone.
19:14 of 1st period - Samuel Pahlsson is hit by Mark Parrish and loses puck.
19:32 of 1st period - Minor Penalty to Kris Draper for Hooking.
19:33 of 1st period - Brad Richards wins face-off versus Evgeni Malkin in neutral zone.
19:38 of 1st period - Shot by Mike Van Ryn.
19:38 of 1st period - Goal by Mike Van Ryn - Flyers : 1 - Penguins : 1.
19:39 of 1st period - Marian Hossa wins face-off versus Todd White in neutral zone.
19:50 of 1st period - Shot by Lee Stempniak.
19:50 of 1st period - Shot Misses the Net.
19:57 of 1st period - Icing by Lee Stempniak.
19:58 of 1st period - Todd White wins face-off versus Marian Hossa in Flyers zone.

Period #2

0:01 of 2nd period - Marian Hossa wins face-off versus Brad Richards in neutral zone.
0:16 of 2nd period - Shot by Brad Richards.
0:16 of 2nd period - Shot Blocked by Glen Wesley.
0:36 of 2nd period - Shot by Pavel Kubina.
0:36 of 2nd period - Stopped by Marc-Andre Fleury without a rebound.
0:37 of 2nd period - Marian Hossa wins face-off versus Todd White in Penguins zone.
0:51 of 2nd period - Shot by Todd White.
0:51 of 2nd period - Stopped by Marc-Andre Fleury without a rebound.
0:52 of 2nd period - Marian Hossa wins face-off versus Todd White in Penguins zone.
0:52 of 2nd period - Marian Hossa is hit by Lee Stempniak.
1:20 of 2nd period - Shot by Mike Van Ryn.
1:20 of 2nd period - Deflect By Lee Stempniak.
1:20 of 2nd period - Shot Blocked by Bryan Mccabe.
1:24 of 2nd period - Shot by Mike Van Ryn.
1:24 of 2nd period - Shot Misses the Net.
2:26 of 2nd period - Bryan Mccabe is hit by Samuel Pahlsson and loses puck.
3:04 of 2nd period - Icing by Samuel Pahlsson.
3:05 of 2nd period - Evgeni Malkin wins face-off versus Samuel Pahlsson in Flyers zone.
3:08 of 2nd period - Shot by Evgeni Malkin.
3:08 of 2nd period - Shot Misses the Net.
3:10 of 2nd period - Shot by Jere Lehtinen.
3:10 of 2nd period - Shot Misses the Net.
3:22 of 2nd period - Shot by Jere Lehtinen.
3:22 of 2nd period - Stopped by Chris Osgood without a rebound.
3:23 of 2nd period - Dominic Moore wins face-off versus Michal Handzus in Flyers zone.
3:47 of 2nd period - Icing by Christian Backman.
3:48 of 2nd period - Kris Draper wins face-off versus Brad Richards in Penguins zone.
3:48 of 2nd period - Kris Draper is hit by Brad Richards.
3:55 of 2nd period - Minor Penalty to Brent Seabrook for Hooking.
3:56 of 2nd period - Evgeni Malkin wins face-off versus Michal Handzus in Flyers zone.
4:09 of 2nd period - Shot by Evgeni Malkin.
4:09 of 2nd period - Stopped by Chris Osgood without a rebound.
4:10 of 2nd period - Sidney Crosby wins face-off versus Michal Handzus in Flyers zone.
4:23 of 2nd period - Shot by Bryan Mccabe.
4:23 of 2nd period - Shot Misses the Net.
4:25 of 2nd period - Shot by Scott Hannan.
4:25 of 2nd period - Stopped by Chris Osgood without a rebound.
4:26 of 2nd period - Evgeni Malkin wins face-off versus Brad Richards in Flyers zone.
4:39 of 2nd period - Minor Penalty to Josef Melichar for Hooking.
4:40 of 2nd period - Dustin Penner wins face-off versus Marian Hossa in Penguins zone.
4:40 of 2nd period - Todd White is hit by Bryan Mccabe and loses puck.
4:47 of 2nd period - Shot by Marian Hossa.
4:47 of 2nd period - Shot Misses the Net.
4:49 of 2nd period - Shot by Bryan Mccabe.
4:49 of 2nd period - Shot Blocked by Darryl Sydor.
5:04 of 2nd period - Sidney Crosby is hit by Darryl Sydor and loses puck.
5:18 of 2nd period - Dustin Penner is hit by Marian Hossa and loses puck.
5:34 of 2nd period - Icing by Todd White.
5:35 of 2nd period - Evgeni Malkin wins face-off versus Todd White in Flyers zone.
6:01 of 2nd period - Off-side.
6:02 of 2nd period - Brad Richards wins face-off versus Evgeni Malkin in neutral zone.
7:43 of 2nd period - Minor Penalty to Brooks Orpik for Cross-checking.
7:44 of 2nd period - Evgeni Malkin wins face-off versus Todd White in Penguins zone.
8:11 of 2nd period - Shot by Geoff Sanderson.
8:11 of 2nd period - Stopped by Marc-Andre Fleury without a rebound.
8:12 of 2nd period - Marian Hossa wins face-off versus Brad Richards in Penguins zone.
8:25 of 2nd period - Shot by Pavel Kubina.
8:25 of 2nd period - Shot Misses the Net.
8:35 of 2nd period - Shot by Tomas Holmstrom.
8:35 of 2nd period - Stopped by Marc-Andre Fleury with a rebound.
8:37 of 2nd period - Shot by Brad Richards.
8:37 of 2nd period - Stopped by Marc-Andre Fleury with a rebound.
8:39 of 2nd period - Shot by Brad Richards.
8:39 of 2nd period - Shot Misses the Net.
8:41 of 2nd period - Shot by Pavel Kubina.
8:41 of 2nd period - Stopped by Marc-Andre Fleury with a rebound.
8:43 of 2nd period - Shot by Pavel Kubina.
8:43 of 2nd period - Shot Misses the Net.
8:45 of 2nd period - Shot by Brent Seabrook.
8:45 of 2nd period - Shot Blocked by Bryan Mccabe.
8:55 of 2nd period - Shot by Pavel Kubina.
8:55 of 2nd period - Stopped by Marc-Andre Fleury without a rebound.
8:56 of 2nd period - Evgeni Malkin wins face-off versus Todd White in Penguins zone.
9:31 of 2nd period - Shot by Todd White.
9:31 of 2nd period - Shot Misses the Net.
10:24 of 2nd period - Icing by Pavel Kubina.
10:25 of 2nd period - Samuel Pahlsson wins face-off versus Jarkko Ruutu in Flyers zone.
10:42 of 2nd period - Bryan Mccabe is hit by Samuel Pahlsson and loses puck.
12:17 of 2nd period - Shot by Todd White.
12:17 of 2nd period - Shot Misses the Net.
12:21 of 2nd period - Shot by Geoff Sanderson.
12:21 of 2nd period - Stopped by Marc-Andre Fleury without a rebound.
12:22 of 2nd period - Kris Draper wins face-off versus Lee Stempniak in Penguins zone.
13:03 of 2nd period - Shot by Kris Draper.
13:03 of 2nd period - Shot Blocked by Pavel Kubina.
13:16 of 2nd period - Shot by Tomas Holmstrom.
13:16 of 2nd period - Stopped by Marc-Andre Fleury with a rebound.
13:18 of 2nd period - Shot by Dustin Penner.
13:18 of 2nd period - Shot Misses the Net.
13:22 of 2nd period - Shot by Tomas Holmstrom.
13:22 of 2nd period - Stopped by Marc-Andre Fleury without a rebound.
13:23 of 2nd period - Samuel Pahlsson wins face-off versus Sidney Crosby in Penguins zone.
13:40 of 2nd period - Shot by Brad Richards.
13:40 of 2nd period - Shot Misses the Net.
14:06 of 2nd period - Shot by Marian Hossa.
14:06 of 2nd period - Shot Blocked by Brent Seabrook.
14:08 of 2nd period - Shot by Marian Hossa.
14:08 of 2nd period - Shot Misses the Net.
14:10 of 2nd period - Shot by Bryan Mccabe.
14:10 of 2nd period - Shot Misses the Net.
14:20 of 2nd period - Jere Lehtinen is hit by Owen Nolan and loses puck.
14:39 of 2nd period - Shot by Evgeni Malkin.
14:39 of 2nd period - Shot Hit the Post.
15:22 of 2nd period - Dominic Moore is hit by Denis Gauthier.
15:56 of 2nd period - Shot by Jarkko Ruutu.
15:56 of 2nd period - Stopped by Chris Osgood without a rebound.
15:57 of 2nd period - Sidney Crosby wins face-off versus Michal Handzus in Flyers zone.
15:58 of 2nd period - Shot by Marian Hossa.
15:58 of 2nd period - Shot Misses the Net.
16:36 of 2nd period - Shot by Michal Handzus.
16:36 of 2nd period - Deflect By Sami Kapanen.
16:36 of 2nd period - Shot Blocked by Marian Hossa.
17:01 of 2nd period - Todd White is hit by Mark Bell and loses puck.
17:02 of 2nd period - Minor Penalty to Mark Bell for High sticking.
17:03 of 2nd period - Todd White wins face-off versus Evgeni Malkin in neutral zone.
17:24 of 2nd period - Shot by Geoff Sanderson.
17:24 of 2nd period - Shot Blocked by Josef Melichar.
17:26 of 2nd period - Shot by Todd White.
17:26 of 2nd period - Stopped by Marc-Andre Fleury without a rebound.
17:27 of 2nd period - Evgeni Malkin wins face-off versus Michal Handzus in Penguins zone.
17:42 of 2nd period - Shot by Tomas Holmstrom.
17:42 of 2nd period - Stopped by Marc-Andre Fleury with a rebound.
17:44 of 2nd period - Shot by Denis Gauthier.
17:44 of 2nd period - Stopped by Marc-Andre Fleury without a rebound.
17:45 of 2nd period - Brad Richards wins face-off versus Marian Hossa in Penguins zone.
18:07 of 2nd period - Shot by Tomas Holmstrom.
18:07 of 2nd period - Shot Blocked by Glen Wesley.
18:09 of 2nd period - Shot by Pavel Kubina.
18:09 of 2nd period - Shot Misses the Net.
18:11 of 2nd period - Shot by Darryl Sydor.
18:11 of 2nd period - Shot Misses the Net.
19:06 of 2nd period - Minor Penalty to Dominic Moore for Tripping.
19:07 of 2nd period - Marian Hossa wins face-off versus Brad Richards in neutral zone.

Period #3

0:01 of 3rd period - Marian Hossa wins face-off versus Brad Richards in neutral zone.
0:16 of 3rd period - Shot by Brent Seabrook.
0:16 of 3rd period - Stopped by Marc-Andre Fleury without a rebound.
0:17 of 3rd period - Marian Hossa wins face-off versus Todd White in Penguins zone.
0:17 of 3rd period - Marian Hossa is hit by Geoff Sanderson.
0:52 of 3rd period - Shot by Todd White.
0:52 of 3rd period - Stopped by Marc-Andre Fleury without a rebound.
0:53 of 3rd period - Marian Hossa wins face-off versus Brad Richards in Penguins zone.
1:36 of 3rd period - Shot by Tomas Holmstrom.
1:36 of 3rd period - Goal by Tomas Holmstrom - Flyers : 2 - Penguins : 1.
1:37 of 3rd period - Sidney Crosby wins face-off versus Michal Handzus in neutral zone.
1:44 of 3rd period - Shot by Sidney Crosby.
1:44 of 3rd period - Deflect By Marian Hossa.
1:44 of 3rd period - Stopped by Chris Osgood without a rebound.
1:45 of 3rd period - Kris Draper wins face-off versus Todd White in Flyers zone.
1:45 of 3rd period - Kris Draper is hit by Mike Van Ryn.
1:52 of 3rd period - Icing by Mike Van Ryn.
1:53 of 3rd period - Sidney Crosby wins face-off versus Todd White in Flyers zone.
1:56 of 3rd period - Shot by Sidney Crosby.
1:56 of 3rd period - Stopped by Chris Osgood with a rebound.
2:00 of 3rd period - Shot by Taylor Pyatt.
2:00 of 3rd period - Stopped by Chris Osgood with a rebound.
2:02 of 3rd period - Shot by Marian Hossa.
2:02 of 3rd period - Stopped by Chris Osgood with a rebound.
2:14 of 3rd period - Shot by Marian Hossa.
2:14 of 3rd period - Shot Hit the Post.
2:16 of 3rd period - Shot by Bryan Mccabe.
2:16 of 3rd period - Stopped by Chris Osgood without a rebound.
2:17 of 3rd period - Kris Draper wins face-off versus Michal Handzus in Flyers zone.
2:27 of 3rd period - Dominic Moore is hit by Darryl Sydor and loses puck.
2:32 of 3rd period - Shot by Mark Parrish.
2:32 of 3rd period - Stopped by Chris Osgood with a rebound.
2:34 of 3rd period - Shot by Kris Draper.
2:34 of 3rd period - Shot Misses the Net.
3:11 of 3rd period - Off-side.
3:12 of 3rd period - Brad Richards wins face-off versus Sidney Crosby in neutral zone.
3:48 of 3rd period - Scott Hannan is hit by Brad Richards and loses puck.
4:15 of 3rd period - Icing by Mike Van Ryn.
4:16 of 3rd period - Evgeni Malkin wins face-off versus Todd White in Flyers zone.
4:20 of 3rd period - Minor Penalty to Denis Gauthier for Interference.
4:21 of 3rd period - Evgeni Malkin wins face-off versus Samuel Pahlsson in Flyers zone.
5:05 of 3rd period - Shot by Mark Bell.
5:05 of 3rd period - Shot Misses the Net.
5:23 of 3rd period - Shot by Marian Hossa.
5:23 of 3rd period - Deflect By Sidney Crosby.
5:23 of 3rd period - Shot Blocked by Brent Seabrook.
5:25 of 3rd period - Shot by Bryan Mccabe.
5:25 of 3rd period - Shot Blocked by Brent Seabrook.
5:27 of 3rd period - Shot by Marian Hossa.
5:27 of 3rd period - Shot Blocked by Brent Seabrook.
5:29 of 3rd period - Shot by Marian Hossa.
5:29 of 3rd period - Stopped by Chris Osgood without a rebound.
5:30 of 3rd period - Samuel Pahlsson wins face-off versus Evgeni Malkin in Flyers zone.
8:52 of 3rd period - Shot by Mark Parrish.
8:52 of 3rd period - Stopped by Chris Osgood without a rebound.
8:53 of 3rd period - Jeff Friesen wins face-off versus Mark Bell in Flyers zone.
10:07 of 3rd period - Shot by Jarkko Ruutu.
10:07 of 3rd period - Shot Blocked by Mike Van Ryn.
10:19 of 3rd period - Icing by Bryan Mccabe.
10:20 of 3rd period - Brad Richards wins face-off versus Jarkko Ruutu in Penguins zone.
10:27 of 3rd period - Shot by Tomas Holmstrom.
10:27 of 3rd period - Stopped by Marc-Andre Fleury without a rebound.
10:28 of 3rd period - Samuel Pahlsson wins face-off versus Kris Draper in Penguins zone.
10:29 of 3rd period - Shot by Owen Nolan.
10:29 of 3rd period - Goal by Owen Nolan - Flyers : 3 - Penguins : 1.
10:30 of 3rd period - Todd White wins face-off versus Kris Draper in neutral zone.
10:55 of 3rd period - Shot by Mark Parrish.
10:55 of 3rd period - Stopped by Chris Osgood with a rebound.
10:57 of 3rd period - Shot by Brooks Orpik.
10:57 of 3rd period - Stopped by Chris Osgood without a rebound.
10:58 of 3rd period - Evgeni Malkin wins face-off versus Brad Richards in Flyers zone.
11:19 of 3rd period - Shot by Evgeni Malkin.
11:19 of 3rd period - Shot Misses the Net.
11:21 of 3rd period - Shot by Josef Melichar.
11:21 of 3rd period - Shot Blocked by Brent Seabrook.
11:28 of 3rd period - Minor Penalty to Brad Richards for Cross-checking.
11:29 of 3rd period - Michal Handzus wins face-off versus Sidney Crosby in Penguins zone.
11:46 of 3rd period - Shot by Bryan Mccabe.
11:46 of 3rd period - Stopped by Chris Osgood with a rebound.
11:48 of 3rd period - Shot by Bryan Mccabe.
11:48 of 3rd period - Stopped by Chris Osgood without a rebound.
11:49 of 3rd period - Evgeni Malkin wins face-off versus Michal Handzus in Flyers zone.
12:15 of 3rd period - Evgeni Malkin is hit by Denis Gauthier and loses puck.
12:25 of 3rd period - Icing by Jere Lehtinen.
12:26 of 3rd period - Samuel Pahlsson wins face-off versus Mark Bell in Penguins zone.
12:36 of 3rd period - Icing by Mark Bell.
12:37 of 3rd period - Michal Handzus wins face-off versus Evgeni Malkin in Penguins zone.
13:02 of 3rd period - Icing by Bryan Mccabe.
13:03 of 3rd period - Sidney Crosby wins face-off versus Samuel Pahlsson in Penguins zone.
13:18 of 3rd period - Shot by Bryan Mccabe.
13:18 of 3rd period - Stopped by Chris Osgood without a rebound.
13:19 of 3rd period - Sidney Crosby wins face-off versus Samuel Pahlsson in Flyers zone.
14:02 of 3rd period - Shot by Kris Draper.
14:02 of 3rd period - Stopped by Chris Osgood without a rebound.
14:03 of 3rd period - Dallas Drake wins face-off versus Michal Handzus in Flyers zone.
14:12 of 3rd period - Shot by Martin Lapointe.
14:12 of 3rd period - Stopped by Chris Osgood without a rebound.
14:13 of 3rd period - Brad Richards wins face-off versus Sidney Crosby in Flyers zone.
14:28 of 3rd period - Minor Penalty to Tomas Holmstrom for Hooking.
14:29 of 3rd period - Evgeni Malkin wins face-off versus Michal Handzus in Penguins zone.
14:36 of 3rd period - Shot by Mark Bell.
14:36 of 3rd period - Stopped by Chris Osgood with a rebound.
14:38 of 3rd period - Shot by Josef Melichar.
14:38 of 3rd period - Stopped by Chris Osgood without a rebound.
14:39 of 3rd period - Samuel Pahlsson wins face-off versus Sidney Crosby in Flyers zone.
15:32 of 3rd period - Minor Penalty to Mike Rathje for Roughing.
15:33 of 3rd period - Michal Handzus wins face-off versus Evgeni Malkin in Flyers zone.
15:45 of 3rd period - Minor Penalty to Mark Bell for Cross-checking.
15:46 of 3rd period - Michal Handzus wins face-off versus Evgeni Malkin in Flyers zone.
15:52 of 3rd period - Icing by Jere Lehtinen.
15:53 of 3rd period - Michal Handzus wins face-off versus Evgeni Malkin in Penguins zone.
16:03 of 3rd period - Jere Lehtinen is hit by Brent Seabrook and loses puck.
16:15 of 3rd period - Off-side.
16:16 of 3rd period - Marian Hossa wins face-off versus Michal Handzus in neutral zone.
16:23 of 3rd period - Shot by Marian Hossa.
16:23 of 3rd period - Deflect By Sidney Crosby.
16:23 of 3rd period - Stopped by Chris Osgood without a rebound.
16:24 of 3rd period - Marian Hossa wins face-off versus Samuel Pahlsson in Flyers zone.
16:31 of 3rd period - Minor Penalty to Marian Hossa for Hooking.
16:32 of 3rd period - Sidney Crosby wins face-off versus Todd White in neutral zone.
16:55 of 3rd period - Shot by Todd White.
16:55 of 3rd period - Shot Misses the Net.
17:31 of 3rd period - Shot by Brad Richards.
17:31 of 3rd period - Shot Misses the Net.
17:35 of 3rd period - Shot by Brad Richards.
17:35 of 3rd period - Stopped by Marc-Andre Fleury with a rebound.
17:37 of 3rd period - Shot by Pavel Kubina.
17:37 of 3rd period - Deflect By Brad Richards.
17:37 of 3rd period - Stopped by Marc-Andre Fleury without a rebound.
17:38 of 3rd period - Brad Richards wins face-off versus Evgeni Malkin in Penguins zone.
18:46 of 3rd period - Off-side.
18:47 of 3rd period - Samuel Pahlsson wins face-off versus Jarkko Ruutu in neutral zone.
19:17 of 3rd period - Shot by Owen Nolan.
19:17 of 3rd period - Shot Misses the Net.
19:43 of 3rd period - Kris Draper is hit by Todd White and loses puck.
19:56 of 3rd period - Shot by Mark Parrish.
19:56 of 3rd period - Shot Misses the Net.
19:58 of 3rd period - Shot by Christian Backman.
19:58 of 3rd period - Shot Misses the Net.
19:59 of 3rd period - Minor Penalty to Mike Van Ryn for Roughing.


Output by the SimonT Hockey Simulator (STHS) for Stephane Roy -- Original Page W3C XHTML 1.0 Valid